 Dungeon Crawl Stone Soup version 0.27-a0-1322-gfdffb62a71 (webtiles) character file.

Game seed: 15537216852900982097

44 Shayle the Skirmisher (level 3, 0/37 HPs)
             Began as an Ogre Warper on June 23, 2021.
             Slain by Natasha (6 damage)
             ... on level 2 of the Dungeon.
             The game lasted 00:04:19 (2410 turns).

Shayle the Skirmisher (Ogre Warper)                 Turns: 2410, Time: 00:04:19

Health: 0/37       AC:  3    Str: 15    XL:     3   Next: 60%
Magic:  6/6        EV: 10    Int: 15    God:
Gold:   42         SH:  0    Dex:  8    Spells: 1/6 levels left

rFire    . . .     SeeInvis .   a - +0 spear
rCold    . . .     Faith    .   (no shield)
rNeg     . . .     Spirit   .   b - +0 robe
rPois    .         Reflect  .   (helmet restricted)
rElec    .         Harm     .   (no cloak)
rCorr    .         Rampage  .   (gloves unavailable)
Will     .....                  (boots unavailable)
Stlth    ..........             (no amulet)
HPRegen  0.12/turn              (no ring)
MPRegen  0.10/turn              (no ring)

@: silenced, slowed, very slow
A: large, unfitting armour, tough skin 1
a: no special abilities


You were on level 2 of the Dungeon.
You visited 1 branch of the dungeon, and saw 2 of its levels.

You collected 42 gold pieces.

Inventory:

Hand Weapons
 a - a +0 spear (weapon)
Armour
 b - a +0 robe (worn)
Jewellery
 g - a ring of wizardry
Scrolls
 c - a scroll of enchant armour {unknown}
 h - a scroll of teleportation {unknown}
 i - a scroll of identify {unknown}


   Skills:
 + Level 3.4 Fighting
 + Level 2.5 Polearms
 - Level 1.0 Throwing
 + Level 2.5 Dodging
 - Level 2.4 Spellcasting
 + Level 3.1 Translocations


You had one spell level left.
You knew the following spells:

 Your Spells              Type           Power      Damage    Failure   Level
a - Blink                 Tloc           N/A        N/A       9%          2
b - Teleport Other        Tloc           11%        N/A       19%         3

Your spell library contained the following spells:

 Spells                   Type           Power      Damage    Failure   Level
 Gell's Gravitas          Tloc           5%         N/A       19%         3
 Lesser Beckoning         Tloc           5%         N/A       19%         3
 Manifold Assault         Tloc           11%        N/A       86%         5


Dungeon Overview and Level Annotations

Branches:
Dungeon (2/15)

Altars:

Annotations:
D:2 Natasha, Terence


Innate Abilities, Weirdness & Mutations

You are too large for most types of armour.
You have tough skin. (AC +1)


Message History

Natasha hisses angrily.
Throw: 3 boomerangs (disperse)
Press: ? - help, Q - select action, (/) - cycle Shift-Dir - straight line, f/p - adder
Aim: an adder (32% to hit)
You throw a boomerang of dispersal.
The boomerang of dispersal hits the adder.
The adder blinks!
Throw: 2 boomerangs (disperse)
Press: ? - help, Q - select action, (/) - cycle Shift-Dir - straight line, f - Natasha
Aim: Natasha (45% to hit)
You throw a boomerang of dispersal.
The boomerang of dispersal closely misses Natasha.
Throw: boomerang (disperse)
Press: ? - help, Q - select action, (/) - cycle Shift-Dir - straight line, f/p - Natasha
Aim: Natasha (45% to hit)
You throw a boomerang of dispersal.
The boomerang of dispersal closely misses Natasha.
You closely miss Natasha. Natasha claws you.
You closely miss Natasha. Natasha claws you.
You closely miss Natasha. Natasha claws you.
You closely miss Natasha. Natasha claws you.
You hit Natasha.
Natasha is lightly wounded.
Natasha howls an incantation.
You feel troubled. Natasha closely misses you. Natasha casts a spell at you.
You feel yourself slow down.
As you read the scroll labelled TYPUPA SUNN, it crumbles to dust.
You feel aware of your surroundings.
You sensed 1 altar.
It was a scroll of magic mapping.
Natasha claws you.
As you read the scroll labelled OSMEQA OPIMPET, it crumbles to dust.
A profound silence engulfs you.
It was a scroll of silence.
Natasha closely misses you. Natasha claws you. Natasha claws you.
* * * LOW HITPOINT WARNING * * *
You barely miss Natasha.
Natasha is lightly wounded.
Natasha claws you.
You die...

#####################
#..h@................
###.###################
*** #...# ,,* ###.# ..#
#.# ..# #.# ..# #.# ..#
#.# ..# **#.#******
#########


You could see Natasha.

Vanquished Creatures
  A worm (D:2)
  A dart slug (D:2)
  An endoplasm (D:1)
  A giant cockroach (D:1)
  2 goblins (D:1)
  5 hobgoblins
  6 jackals
  4 kobolds
  4 quokkas
  2 ball pythons (D:1)
  2 bats
  3 rats (D:2)
32 creatures vanquished.

Notes
Turn   | Place    | Note
-------+----------+-------------------------------------------
     0 | D:1      | Shayle the Ogre Warper began the quest for the Orb.
     0 | D:1      | Reached XP level 1. HP: 22/22 MP: 3/3
   180 | D:1      | Reached XP level 2. HP: 17/29 MP: 5/5
   998 | D:2      | Reached XP level 3. HP: 31/37 MP: 6/6
  1001 | D:2      | Learned a level 2 spell: Blink
  1005 | D:2      | Learned a level 3 spell: Teleport Other
  1045 | D:2      | Noticed Terence
  1152 | D:2      | Noticed Natasha
  2410 | D:2      | Slain by Natasha

Illustrated notes

Levels and vault maps discovered:
D:1:      wander_arrival_estate, layout_loops_ring
D:2:      layout_basic, chequers_ecumenical_altar_simple,
          kennysheep_generic_room_4, uniq_terence, uniq_natasha

Skill      XL: |  1  2 |
---------------+-------+-----
Fighting       | 3 |  3.4
Translocations | 3 |  3.1
Polearms       | |  2.5
Throwing       | |  1.0
Dodging        | |  2.5
Spellcasting   | |  2.4

Action                   || total
-------------------------++-------
Melee: Spear             ||   155
Throw: Boomerang         ||     5
 Cast: Blink             ||     3
       Teleport Other    ||     1
  Use: Scroll            ||     3
       Potion            ||     1
Armor: Robe              ||    41
Dodge: Dodged            ||    73

Table legend: (Time is in decaauts)
 A = Elapsed time spent in this place.
 B = Non-inter-level travel time spent in this place.
 C = Inter-level travel time spent in this place.
 D = Time resting spent in this place.
 E = Time spent auto-exploring this place.
 F = Levels seen in this place.
 G = Mean time per level.
                   A        B        C        D        E       F      G
               +--------+--------+--------+--------+--------+-----+--------+
         Total |   2412 |   2336 |     76 |    318 |   1592 |   2 | 1206.0 |
       Dungeon |   2412 |   2336 |     76 |    318 |   1592 |   2 | 1206.0 |
               +--------+--------+--------+--------+--------+-----+--------+

Top non-repeatable levels by time:
     D:2: 1296 daAuts
     D:1: 1115 daAuts
